 Dungeon Crawl Stone Soup version 0.21-a0-536-gdbbf329 (webtiles) character file.

213 slep the Covered (level 5, -9/41 HPs)
             Began as a Demonspawn Fighter on Dec 15, 2017.
             Killed by divine providence
             ... invoked by an orc priest
              (12 damage)
             ... on level 4 of the Dungeon.
             The game lasted 00:10:09 (2909 turns).

slep the Covered (Demonspawn Fighter)               Turns: 2909, Time: 00:10:09

Health: -9/41      AC: 11    Str: 16    XL:     5   Next: 59%
Magic:  5/5        EV:  5    Int:  9    God:
Gold:   101        SH:  0    Dex: 14    Spells: 4/4 levels left

rFire    + . .     SeeInvis .   a - +0 war axe
rCold    . . .     Gourm    .   c - +0 shield
rNeg     . . .     Faith    .   B - +3 scale mail
rPois    .         Spirit   .   (no helmet)
rElec    .         Reflect  .   (no cloak)
rCorr    .         Harm     .   (no gloves)
MR       .....     Rnd*Tele +   s - +0 pair of boots
Stlth    ..........             m - amulet of inaccuracy (curse)
HPRegen  0.13/turn              w - ring of teleportation (curse)
MPRegen  0.09/turn              A - -3 ring of evasion (curse)

@: confused, very slightly contaminated
A: demonic guardian 1, fire resistance 1, flame cloud immunity
a: no special abilities


You were on level 4 of the Dungeon.
You were not hungry.

You visited 1 branch of the dungeon, and saw 4 of its levels.

You collected 101 gold pieces.

Inventory:

Hand Weapons
 a - a +0 war axe (weapon)
Armour
 b - a +0 scale mail
 c - a +0 shield (worn)
 s - a +0 pair of boots (worn)
 B - a +3 scale mail (worn)
Jewellery
 m - a cursed amulet of inaccuracy (around neck)
 w - a cursed ring of teleportation (left hand)
 A - a cursed -3 ring of evasion (right hand)
 E - a +5 ring of protection {unknown}
Wands
 z - a wand of digging (11)
Scrolls
 e - 4 scrolls of fog {unknown}
 i - a scroll of random uselessness {unknown}
 j - 2 scrolls of enchant armour {unknown}
 p - 3 scrolls of remove curse {unknown}
 q - a scroll of identify {unknown}
 r - a scroll of noise {unknown}
 u - a scroll of immolation {unknown}
 v - 3 scrolls of fear {unknown}
 x - a scroll of teleportation {unknown}
 y - a scroll of magic mapping {unknown}
Potions
 d - a potion of might
 k - a potion of brilliance {unknown}
 l - a potion of resistance {unknown}
 n - a potion of mutation {unknown}
 o - a potion of degeneration {unknown}
 t - a potion of curing {unknown}
 C - a potion of heal wounds {unknown}
Comestibles
 f - 2 bread rations
 g - 3 meat rations


   Skills:
 + Level 3.5 Fighting
 + Level 3.2 Axes
 + Level 3.8 Armour
 + Level 1.8 Dodging
 + Level 3.3 Shields


You had 4 spell levels left.
You didn't know any spells.

Dungeon Overview and Level Annotations

Branches:
Dungeon (4/15)
 Temple: D:4-7

Altars:
Kikubaaqudgha

Annotations:
D:4 angeredRogue's ghost, amateur DrTm


Innate Abilities, Weirdness & Mutations

A weak demonic guardian rushes to your aid.
Your flesh is heat resistant. (rF+)
You are immune to clouds of flame.


Message History

The orc priest shouts!
The orc priest casts a cantrip, but nothing happens.
The orc priest mumbles some strange prayers to Beogh against you.
Beogh smites you! AngeredRogue's ghost hits you.
The orc priest mumbles some strange prayers to Beogh against you.
Beogh smites you!
* * * LOW HITPOINT WARNING * * *
Your shadow imp closely misses the orc priest.
The orc priest hits your shadow imp but does no damage.
Your shadow imp gestures at the frilled lizard.
The frilled lizard writhes in agony!
The frilled lizard dies!
The orc wizard points at you and mumbles some strange words.
You are confused.
There is a stone staircase leading up here.
The orc hits you with a dagger.
* * * LOW HITPOINT WARNING * * *
The orc priest invokes the aid of Beogh against you.
Beogh smites you!
You die...

#> ..# #
##.####..#.#
#####.:......#.#
...+...........
###.#..).....#####
........o..)......
#..%.......#
#.####.....5o...#
#......@oo......#
########W.†.....#
.............#
####.........#
#.........#
#(#.####### ..#.#
####.# #.


You could see 2 orc priests, an orc wizard, angeredRogue's ghost, an orc and a
friendly shadow imp.

Vanquished Creatures
  A howler monkey (D:2)
  Ijyb (D:3)
  A worker ant (D:3)
  An adder (D:2)
  An ooze (D:2)
  2 worms
  A dart slug (D:1)
  4 leopard geckos
  7 orcs (D:3)
  6 giant cockroaches
  5 goblins
  5 hobgoblins
  5 jackals
  5 bats
  8 frilled lizards
  5 kobolds
  7 rats
  3 bushes (D:2)
  2 plants (D:2)
70 creatures vanquished.

Vanquished Creatures (collateral kills)
  Terence (D:3)
  An orc wizard (D:3)
  A frilled lizard (D:4)
3 creatures vanquished.

Vanquished Creatures (others)
  An orc (D:4)
1 creature vanquished.

Grand Total: 74 creatures vanquished

Notes
Turn   | Place    | Note
-------+----------+-------------------------------------------
     0 | D:1      | slep the Demonspawn Fighter began the quest for the Orb.
     0 | D:1      | Reached XP level 1. HP: 18/18 MP: 1/1
   141 | D:1      | Gained mutation: Your flesh is heat resistant. (rF+) [demonic ancestry]
   141 | D:1      | Reached XP level 2. HP: 13/24 MP: 2/2
   713 | D:1      | Gained mutation: You are immune to clouds of flame. [demonic ancestry]
   713 | D:1      | Reached XP level 3. HP: 27/29 MP: 3/3
   823 | D:1      | Reached skill level 1 in Dodging
   975 | D:2      | Reached XP level 4. HP: 19/35 MP: 4/4
  2059 | D:3      | Noticed Ijyb
  2115 | D:3      | Killed Ijyb
  2371 | D:3      | Gained mutation: A weak demonic guardian rushes to your aid. [demonic ancestry]
  2371 | D:3      | Reached XP level 5. HP: 24/41 MP: 5/5
  2582 | D:3      | Found an ancient bone altar of Kikubaaqudgha.
  2600 | D:3      | Noticed Terence
  2613 | D:3      | Killed Terence
  2888 | D:4      | Noticed angeredRogue's ghost (amateur DrTm)
  2909 | D:4      | Killed from afar by an orc priest

Vault maps used:
D:1:      roderic_crossed_star
D:2:      serial_forest, infiniplex_forest_straight_3,
          infiniplex_forest_straight_3, infiniplex_forest_end_2,
          infiniplex_forest_end_3
D:3:      kiku_gazebo_pond_becter, uniq_ijyb, uniq_terence
D:4:      temple_hall, serial_shops, nicolae_shop_behind_doors,
          serial_park_tiny_2, roderic_lattice_a

Skill      XL: |  1  2  3  4  5 |
---------------+----------------+-----
Axes           | 2 3 |  3.2
Armour         | 3 |  3.8
Dodging        | 1 |  1.8
Shields        | 3 |  3.3
Fighting       | |  3.5

Action                   |  1- 3 |  4- 6 || total
-------------------------+-------+-------++-------
Melee: War axe           |   149 |   456 ||   605
  Use: Potion            |       |     1 ||     1
 Stab: Invisible         |       |     5 ||     5
  Eat: Chunk             |       |     8 ||     8
Armor: Scale mail        |    74 |   163 ||   237
Dodge: Dodged            |    46 |    68 ||   114
Block: Shield            |    97 |   118 ||   215

Table legend:
 A = Spawn XP
 B = Non-spawn XP
 C = Spawn XP percentage of total XP
 D = Spawn monster count
 E = Non-spawn monster count
 F = Spawn count percentage of total count
 G = Total turns spent on level
                    A         B        C        D         E        F      G
               +---------+---------+-------+---------+---------+-------+---------
         Total |       0 |     305 |   0.0 |       0 |      69 |   0.0 |  2909
               +---------+---------+-------+---------+---------+-------+---------
           D:1 |       0 |      45 |   0.0 |       0 |      28 |   0.0 |   948
           D:2 |       0 |      98 |   0.0 |       0 |      13 |   0.0 |  1098
           D:3 |       0 |     159 |   0.0 |       0 |      26 |   0.0 |   842
           D:4 |       0 |       3 |   0.0 |       0 |       2 |   0.0 |    21
               +---------+---------+-------+---------+---------+-------+---------
